Map: Buried Caverns

Players

XFaNtOnX - Winner!

  • Race: Terran Terran
  • League: Diamond
  • Spawn Location: 9:00

Boxco - Winner!

  • Race: Protoss Protoss
  • League: Gold
  • Spawn Location: 9:00

CHELOMAC - Winner!

  • Race: Terran Terran
  • League: Platinum
  • Spawn Location: 7:00

Throwfordays

  • Race: Protoss Protoss
  • League: Silver
  • Spawn Location: 5:00

Faust

  • Race: Zerg Zerg
  • League: Diamond
  • Spawn Location: 3:00

Cthulhu

  • Race: Zerg Zerg
  • Spawn Location: 3:00

VOD

Have the link to the VOD?

Description

Time

  • Played on: March 26, 2019, 10:39 p.m.
  • Length: 18:16
Show
View Real Time Build Order
Export as new Build Order

XFaNtOnX Terran - Winner!

Build Orders: Gas First Reaper Expand 

Get SALT Encoding   

  12  0:01  SCV  
  13  0:13  SCV  
  14  0:18  Supply Depot  
  14  0:25  SCV  
  15  0:30  Refinery  
  15  0:40  SCV  
  16  0:47  Barracks  
  16  0:54  SCV  
  17  1:06  SCV  
  18  1:18  SCV  
  19  1:34  Reaper  
  19  1:35  Orbital Command  
  20  1:49  Command Center  
  20  1:58  Refinery  
  20  2:01  SCV  
  21  2:05  Supply Depot  
  21  2:13  SCV  
  22  2:25  SCV  
  23  2:33  Factory  
  23  2:37  SCV  
  24  2:49  SCV  
  25  3:01  SCV, Orbital Command  
  26  3:06  Engineering Bay  
  26  3:10  Supply Depot  
  26  3:14  SCV  
  27  3:26  SCV  
  28  3:29  Starport  
  28  3:30  Starport  
  28  3:34  SCV  
  29  3:35  Supply Depot  
  29  3:38  SCV  
  30  3:46  SCV  
  31  3:51  SCV  
  32  3:58  Refinery, SCV  
  32  3:59  Refinery  
  33  4:03  SCV  
  33  4:08  Starport Tech Lab x2  
  34  4:13  Fusion Core  
  34  4:15  SCV x2  
  36  4:27  SCV  
  36  4:28  SCV  
  38  4:40  SCV x2  
  40  4:52  SCV x2  
  42  5:03  Command Center, Battlecruiser x2  
  42  5:04  SCV x2  
  56  5:08  Weapon Refit  
  56  5:13  Supply Depot  
  56  5:16  SCV x2  
  58  5:28  SCV x2  
  58  5:57  Supply Depot x3  
  58  5:59  SCV x2  
  60  6:07  Battlecruiser  
  66  6:14  Battlecruiser  
  72  6:31  SCV, Missile Turret  
  73  6:33  Missile Turret  
  73  6:34  Refinery  
  73  6:35  Missile Turret  
  73  6:43  Armory  
  73  6:44  Armory  
  73  6:47  Planetary Fortress  
  73  6:53  SCV x2  
  75  6:56  Refinery  
  75  7:04  Starport  
  75  7:06  Starport  
  75  7:15  SCV  
  75  7:16  SCV  
  77  7:27  SCV  
  77  7:28  SCV  
  79  7:33  SCV  
  80  7:40  SCV x2  
  80  7:41  Command Center  
  82  7:45  SCV  
  82  7:46  Battlecruiser  
  89  7:52  SCV  
  89  7:53  Battlecruiser  
  96  8:12  Terran Ship Weapons Level 1  
  96  8:16  Terran Vehicle And Ship Armor Level 1  
  90  8:56  Starport Tech Lab  
  90  8:57  Starport Tech Lab  
  90  9:07  SCV x2  
  90  9:08  SCV  
  93  9:19  SCV x2  
  95  9:27  Battlecruiser x2  
  95  9:28  Battlecruiser x2  
  119  9:33  Hi-Sec Auto Tracking  
  119  9:37  Planetary Fortress  
  119  9:38  SCV x2  
  119  9:39  SCV  
  119  9:43  Refinery  
  119  9:45  Refinery  
  122  9:47  Missile Turret x2  
  122  9:51  Missile Turret  
  121  10:07  Starport  
  121  10:09  Starport  
  121  10:20  Terran Ship Weapons Level 2  
  121  10:21  Terran Vehicle And Ship Armor Level 2  
  121  10:23  SCV  
  121  10:24  SCV x2  
  124  10:31  Command Center  
  124  10:41  Sensor Tower  
  124  11:42  Starport Tech Lab  
  124  11:43  SCV x3, Battlecruiser, Starport Tech Lab  
  124  11:44  Battlecruiser  
  139  12:11  Battlecruiser x2  
  139  12:12  Battlecruiser x2  
  163  12:38  Terran Vehicle And Ship Armor Level 3, Terran Ship Weapons Level 3  
  163  12:39  Neosteel Armor  
  163  12:44  Starport  
  163  12:45  Starport  
  169  13:35  Viking x2  
  169  13:36  Viking x3  
  169  13:39  Starport Reactor  
  167  13:49  Starport Reactor  
  167  13:51  Viking  
  169  14:00  Planetary Fortress  
  169  14:05  Viking  
  171  14:14  Viking x4  
  171  14:16  Supply Depot  
  179  14:17  Supply Depot  
  179  14:20  Supply Depot  
  179  14:21  Viking  
  181  14:26  Viking x2  
  181  14:27  Viking x2  
  189  14:35  Viking  
  191  14:43  Missile Turret  
  191  14:44  Viking x4, Missile Turret  
  199  14:46  Missile Turret  
  199  14:47  Missile Turret  
  199  15:05  Viking  
  198  15:14  Viking  
  198  15:19  Viking x3  
  198  15:33  Viking x2  
  200  15:38  Command Center  
  200  15:39  Refinery  
  200  15:41  Refinery  
  200  15:42  Missile Turret  
  200  15:49  Sensor Tower  
  170  16:21  Viking  
  170  16:22  Viking x5  
  170  16:23  Viking x4  
  136  16:51  Viking  
  136  16:52  Viking x5  
  136  16:53  Viking x4  
  156  17:21  Viking  
  156  17:22  Viking x5  
  166  17:23  Viking x3  
Show
View Real Time Build Order
Export as new Build Order

Boxco Protoss - Winner!

Build Orders:  

Get SALT Encoding   

  12  0:02  Probe  
  13  0:14  Probe  
  14  0:22  Pylon  
  14  0:26  Probe  
  15  0:39  Probe  
  16  0:43  Gateway  
  16  0:47  Probe  
  16  0:49  Assimilator  
  17  1:01  Probe  
  17  1:03  Gateway  
  18  1:14  Probe  
  18  1:15  Assimilator  
  19  1:32  Cybernetics Core  
  19  1:37  Probe  
  19  1:39  Pylon  
  20  1:49  Probe  
  20  1:50  Warp Gate  
  21  2:01  Probe  
  21  2:08  Stalker x2  
  26  2:20  Pylon  
  26  2:24  Gateway  
  25  2:53  Probe  
  25  2:55  Stalker  
  25  2:56  Stalker  
  30  3:15  Stargate  
  30  3:24  Nexus  
  30  4:21  Pylon x2  
  30  4:42  Probe x2  
  30  4:43  Pylon  
  32  4:48  Pylon  
  32  4:50  Probe x2  
  32  4:52  Pylon  
  32  4:58  Assimilator  
  32  4:59  Probe x2  
  34  5:00  Fleet Beacon  
  34  5:02  Assimilator  
  34  5:03  Stargate  
  36  5:11  Probe x2  
  38  5:24  Adept x3  
  44  5:37  Carrier  
  50  5:51  Probe  
  50  5:52  Probe  
  50  5:55  Carrier  
  52  6:03  Probe x2  
  60  6:11  Probe  
  60  6:16  Probe  
  62  6:19  Probe  
  63  6:30  Pylon, Probe  
  63  6:31  Pylon  
  64  6:37  Probe  
  64  6:39  Carrier  
  65  6:42  Probe  
  66  6:49  Probe  
  73  6:54  Probe  
  73  6:57  Carrier  
  80  7:29  Nexus  
  80  7:42  Stalker x2  
  80  7:43  Stalker  
  67  8:01  Probe  
  67  8:02  Probe  
  68  8:14  Probe x2  
  68  8:16  Carrier  
  70  8:26  Probe x2  
  78  8:38  Probe x2  
  70  8:50  Probe x2  
  48  9:23  Void Ray x2  
  48  9:28  Stalker x2  
  48  9:29  Stalker  
  54  9:34  Probe x2  
  54  9:36  Probe  
  65  9:42  Probe x2  
  65  9:44  Probe  
  65  9:50  Probe  
  65  9:51  Probe  
  65  9:52  Probe  
  68  9:58  Gateway  
  68  9:59  Gateway  
  71  10:02  Probe  
  71  10:03  Probe x2  
  74  10:10  Stargate  
  74  10:11  Void Ray  
  78  10:20  Probe  
  78  10:21  Probe x2  
  81  10:28  Void Ray  
  81  10:33  Probe  
  82  10:42  Probe x2  
  88  10:45  Probe  
  89  10:54  Assimilator, Probe x2  
  89  10:55  Assimilator  
  91  11:01  Nexus  
  91  11:03  Assimilator  
  91  11:04  Void Ray x2  
  91  11:07  Assimilator  
  99  11:21  Void Ray  
  91  11:29  Stalker  
  91  11:30  Stalker x4  
  97  11:48  Probe x3  
  100  11:56  Pylon  
  100  11:58  Pylon  
  100  12:00  Probe  
  101  12:01  Forge, Pylon  
  101  12:12  Void Ray x2, Probe x3  
  112  12:22  Pylon  
  112  12:25  Pylon, Probe x3  
  112  12:26  Pylon  
  112  12:28  Pylon  
  112  12:29  Pylon  
  115  12:31  Pylon  
  115  12:33  Pylon  
  117  12:37  Probe x2  
  115  13:05  Protoss Ground Weapons Level 1  
  93  13:18  Tempest x3  
  88  13:27  Probe  
  88  13:28  Probe x2  
  88  13:31  Stargate  
  88  13:32  Stargate  
  87  13:47  Gateway x2  
  87  13:50  Gateway  
  87  13:54  Photon Cannon  
  87  13:55  Photon Cannon  
  87  13:58  Photon Cannon  
  87  14:00  Shield Battery, Photon Cannon  
  87  14:02  Shield Battery  
  87  14:06  Photon Cannon  
  87  14:07  Photon Cannon  
  87  14:08  Tempest  
  87  14:09  Tempest x2  
  102  14:10  Photon Cannon  
  102  14:13  Photon Cannon  
  102  14:14  Shield Battery  
  102  14:16  Shield Battery  
  102  14:19  Tempest x2  
  102  14:21  Twilight Council  
  102  14:26  Forge  
  112  14:39  Pylon  
  112  14:52  Stalker x6  
  122  14:59  Charge  
  124  15:05  Nexus  
  124  15:06  Pylon  
  124  15:08  Zealot  
  104  15:25  Pylon  
  97  15:31  Probe  
  97  15:32  Probe x2  
  98  15:36  Stalker  
  98  15:39  Stalker  
  98  15:40  Stalker x2  
  104  15:43  Probe  
  104  15:44  Probe x2  
  104  15:48  Tempest x3  
  122  15:55  Probe  
  113  16:11  Zealot x4  
  113  16:14  Zealot x2  
  113  16:15  Zealot  
  127  16:21  Probe x2  
  122  16:53  Tempest x3  
  137  16:55  Tempest  
  137  17:01  Probe x3  
  143  18:05  Zealot x3  
  147  18:06  Zealot x3  
Show
View Real Time Build Order
Export as new Build Order

CHELOMAC Terran - Winner!

Build Orders:  

Get SALT Encoding   

  12  0:12  SCV  
  13  0:22  Supply Depot  
  13  0:24  SCV  
  14  0:31  Refinery  
  14  0:36  SCV  
  15  0:48  SCV  
  16  0:50  Barracks  
  16  1:00  SCV  
  17  1:11  Refinery  
  17  1:12  SCV  
  18  1:18  Supply Depot  
  18  1:24  SCV  
  19  1:37  Barracks Reactor  
  19  1:42  Orbital Command  
  19  1:51  Factory  
  19  2:09  SCV  
  19  2:15  Marine x2  
  22  2:19  Engineering Bay  
  22  2:21  SCV  
  23  2:32  Marine  
  23  2:33  Marine  
  23  2:36  Factory Tech Lab  
  25  2:39  Starport  
  25  2:42  SCV  
  26  2:48  Terran Infantry Weapons Level 1  
  26  2:54  SCV  
  27  2:59  Supply Depot  
  27  3:01  Marine  
  27  3:04  Marine  
  29  3:07  SCV  
  30  3:18  Missile Turret  
  30  3:20  Medivac  
  32  3:28  Siege Tank  
  35  3:35  Supply Depot  
  35  3:37  Marine  
  35  3:38  Marine  
  37  3:52  Medivac  
  39  3:57  Marine  
  39  4:00  Siege Tank  
  43  4:03  Supply Depot  
  43  4:42  Marine x2  
  45  4:46  Starport Reactor  
  45  4:59  Refinery, Command Center  
  45  5:01  Missile Turret  
  45  5:14  Siege Tank  
  45  5:16  Terran Infantry Armor Level 1  
  14  7:06  Marine x2  
  10  7:24  Marine  
  11  7:40  SCV  
  12  7:50  Siege Tank  
  12  7:51  Marine x2  
  17  7:52  SCV  
  17  7:56  Orbital Command  
  18  8:14  Marine x2  
  21  8:34  SCV x2  
  21  8:36  Liberator  
  25  8:47  SCV  
  26  8:50  Marine  
  27  9:18  Marine x2  
  27  9:23  SCV  
  30  9:30  Medivac  
  30  9:31  Medivac  
  34  9:40  SCV  
  34  9:41  SCV  
  36  9:51  Siege Tank  
  39  9:53  SCV  
  40  10:00  SCV  
  40  10:05  Refinery, SCV  
  42  10:12  Marine x2  
  42  10:13  Barracks  
  44  10:42  Siege Tank  
  47  10:55  SCV x2  
  49  11:53  Siege Tank  
  49  11:54  Barracks Tech Lab  
  52  11:57  SCV x2  
  54  12:03  Command Center  
  54  12:09  SCV x2  
  56  12:31  Liberator x2  
  55  13:14  SCV  
  55  13:15  SCV  
  51  13:46  Marine x2  
  45  14:04  Marine x2  
  45  14:06  Orbital Command  
  41  14:10  SCV x2  
  41  14:11  Missile Turret  
  41  14:15  Missile Turret x2  
  41  14:16  Missile Turret  
  42  14:22  SCV x2, Missile Turret  
  42  14:24  Missile Turret x2  
  44  14:31  Siege Tank  
  44  14:34  SCV x2  
  49  14:44  SCV  
  50  14:46  SCV x2  
  52  14:56  SCV  
  52  14:58  SCV  
  54  15:04  Viking x2  
  54  15:06  SCV  
  59  15:08  SCV  
  59  15:11  Siege Tank  
  59  15:12  Armory  
  59  15:13  Marine x2, Armory  
  62  15:39  SCV  
  62  15:40  SCV x2  
  65  15:50  Barracks  
  65  15:51  SCV, Barracks x2, Starport  
  65  15:52  Starport  
  65  15:55  Starport  
  66  16:03  Terran Vehicle Weapons Level 1  
  66  16:04  Terran Vehicle And Ship Armor Level 1  
  66  16:05  Viking x2  
  70  16:37  SCV x2  
  70  16:38  SCV  
  73  16:49  Barracks Reactor x2  
  73  16:50  Barracks Reactor  
  73  16:53  Medivac  
  75  16:56  Engineering Bay  
  75  16:59  Starport Reactor  
  75  17:05  SCV x2  
  75  17:07  Refinery  
  77  17:08  Refinery  
  37  17:40  Marine x6  
  37  17:42  Starport Tech Lab  
  37  17:43  Starport Tech Lab  
  43  17:46  Viking x2  
  47  17:56  Supply Depot x4  
  47  17:58  Marine x6  
Show
View Real Time Build Order
Export as new Build Order

Throwfordays Protoss 

Build Orders: Double Forge 

Get SALT Encoding   

  12  0:00  Probe  
  13  0:13  Probe  
  14  0:22  Pylon  
  14  0:25  Probe  
  15  0:41  Forge, Probe  
  16  0:53  Probe  
  16  0:55  Pylon  
  17  1:00  Pylon  
  17  1:19  Gateway  
  17  1:24  Gateway  
  17  1:34  Gateway  
  17  1:47  Gateway  
  17  1:52  Photon Cannon  
  17  2:05  Assimilator  
  17  2:08  Photon Cannon  
  17  2:20  Photon Cannon  
  17  2:33  Photon Cannon  
  17  2:42  Photon Cannon  
  17  2:55  Photon Cannon  
  17  3:12  Pylon  
  17  3:18  Probe  
  18  3:29  Cybernetics Core  
  18  3:30  Probe  
  19  3:39  Photon Cannon  
  19  3:42  Probe  
  19  3:47  Photon Cannon  
  20  3:55  Warp Gate  
  20  3:59  Forge  
  20  4:08  Assimilator  
  20  4:28  Protoss Ground Weapons Level 1  
  20  4:46  Nexus  
  20  4:48  Pylon  
  20  4:52  Probe  
  21  5:04  Probe  
  21  5:05  Pylon  
  22  5:16  Photon Cannon, Probe  
  23  5:22  Protoss Ground Armor Level 1  
  23  5:33  Photon Cannon  
  23  5:45  Photon Cannon  
  23  5:55  Photon Cannon  
  23  5:58  Probe  
  24  6:06  Probe  
  25  6:14  Probe  
  26  6:21  Zealot x2  
  30  6:26  Probe  
  30  6:32  Twilight Council  
  31  6:38  Probe  
  33  6:54  Probe  
  33  6:57  Probe  
  34  7:06  Probe  
  34  7:07  Assimilator  
  35  7:09  Probe  
  35  7:14  Assimilator, Protoss Ground Weapons Level 2  
  36  7:18  Probe  
  36  7:21  Probe  
  38  7:30  Probe  
  38  7:33  Probe  
  38  7:34  Nexus  
  40  7:37  Pylon  
  40  7:42  Probe  
  40  7:43  Probe  
  42  7:51  Probe  
  42  7:54  Probe  
  42  7:55  Stargate  
  44  8:00  Probe  
  44  8:01  Stalker  
  44  8:03  Stalker  
  49  8:06  Probe  
  49  8:07  Blink, Stalker  
  49  8:12  Stalker  
  54  8:19  Probe  
  51  8:54  Stalker x3  
  51  8:55  Stalker  
  51  9:06  Pylon  
  49  9:17  Stalker x2  
  51  9:19  Stalker  
  51  9:20  Stalker  
  57  9:30  Stargate  
  57  9:32  Stargate  
  57  9:33  Stargate  
  57  9:35  Probe  
  57  9:37  Probe  
  58  9:39  Probe  
  58  9:45  Probe  
  60  9:47  Probe  
  60  9:51  Probe  
  63  9:55  Probe  
  64  10:00  Protoss Air Weapons Level 1  
  64  10:01  Pylon  
  64  10:03  Pylon, Probe  
  64  10:07  Pylon, Probe  
  65  10:12  Pylon  
  66  10:15  Probe  
  66  10:16  Pylon  
  66  10:19  Protoss Shields Level 1, Cybernetics Core, Probe  
  68  10:27  Probe  
  69  10:30  Fleet Beacon  
  69  10:35  Pylon  
  69  10:36  Pylon  
  69  10:38  Pylon  
  69  10:40  Pylon  
  69  10:45  Assimilator  
  69  10:49  Assimilator  
  69  11:03  Protoss Air Armor Level 1  
  69  11:05  Nexus  
  69  11:09  Assimilator  
  69  11:13  Assimilator  
  69  11:16  Tempest x2  
  79  11:19  Assimilator  
  79  11:22  Probe  
  79  11:24  Assimilator  
  80  11:26  Probe  
  81  11:34  Probe  
  81  11:38  Probe  
  83  11:41  Probe  
  83  11:46  Probe  
  85  11:50  Tempest, Probe  
  85  11:51  Tempest  
  85  11:53  Probe  
  97  11:58  Probe  
  97  12:01  Protoss Air Weapons Level 2  
  98  12:05  Probe  
  98  12:08  Probe  
  100  12:11  Probe  
  101  12:17  Probe  
  101  12:18  Probe  
  101  12:20  Probe  
  104  12:23  Probe  
  104  12:26  Tempest  
  104  12:27  Protoss Shields Level 2, Tempest  
  116  12:30  Probe x2  
  116  12:32  Probe  
  116  12:33  Tempest  
  116  12:34  Tempest  
  128  12:42  Probe  
  121  13:34  Tempest x4  
  121  13:39  Probe  
  142  13:52  Protoss Air Armor Level 2, Probe  
  142  13:53  Pylon  
  142  13:55  Pylon  
  143  13:56  Pylon  
  143  13:58  Pylon  
  143  14:04  Probe  
  144  14:17  Tempest x4  
  144  14:19  Protoss Air Weapons Level 3  
  164  14:27  Probe  
  164  14:28  Nexus  
  165  14:32  Probe  
  165  14:35  Probe  
  167  14:39  Probe  
  167  14:44  Probe  
  169  14:47  Probe  
  169  14:51  Probe  
  171  14:56  Probe  
  171  14:57  Protoss Shields Level 3  
  173  15:00  Tempest x4, Probe  
  173  15:04  Probe  
  194  15:08  Probe  
  195  15:16  Probe  
  195  15:20  Probe  
  131  16:29  Void Ray x4  
  107  17:03  Probe  
  108  17:12  Void Ray x4  
  108  17:15  Probe  
  125  17:27  Probe  
  125  17:39  Probe  
  119  17:51  Probe  
Show
View Real Time Build Order
Export as new Build Order

Faust Zerg 

Build Orders: Hatch First 

Get SALT Encoding   

  12  0:01  Drone  
  13  0:08  Drone  
  14  0:15  Extractor  
  14  0:16  Drone  
  15  0:23  Overlord  
  15  0:42  Drone x2  
  17  0:55  Hatchery  
  17  0:57  Drone  
  17  1:06  Extractor  
  17  1:07  Drone  
  17  1:18  Spawning Pool  
  16  1:25  Drone  
  16  1:27  Drone  
  16  1:29  Drone  
  19  1:38  Overlord  
  19  2:05  Queen  
  19  2:07  Queen  
  23  2:08  Drone  
  23  2:09  Drone  
  23  2:12  Metabolic Boost  
  25  2:30  Zergling x4  
  25  2:31  Zergling x4  
  29  2:48  Hatchery  
  28  2:57  Drone  
  28  2:58  Drone x3  
  32  3:20  Drone x2  
  32  3:21  Drone x2  
  32  3:23  Spore Crawler  
  32  3:24  Lair  
  35  3:28  Spore Crawler  
  34  3:39  Drone x2  
  36  3:42  Overlord  
  36  3:44  Overlord  
  36  4:01  Zergling x2  
  36  4:02  Zergling x10  
  42  4:04  Drone x3  
  45  4:11  Overlord  
  43  4:37  Hydralisk Den  
  40  4:39  Extractor  
  40  4:41  Drone x2, Baneling Nest  
  40  4:42  Drone  
  41  4:46  Zergling x4  
  41  4:47  Zergling x6  
  46  4:56  Drone x2  
  46  4:59  Drone  
  50  5:00  Drone x2  
  50  5:02  Drone  
  52  5:09  Hydralisk x3  
  52  5:10  Hydralisk  
  60  5:22  Drone  
  60  5:23  Drone x5  
  66  5:33  Muscular Augments, Overlord  
  66  5:34  Overlord x2  
  66  5:51  Queen  
  66  5:54  Baneling  
  66  5:55  Baneling x3  
  51  6:20  Zergling x12  
  51  6:22  Drone x4  
  51  6:23  Drone x4  
  63  6:30  Drone  
  63  6:31  Drone  
  65  6:34  Overlord  
  65  6:35  Overlord  
  65  6:40  Spire  
  65  6:46  Extractor  
  63  6:48  Extractor, Drone  
  63  6:50  Spore Crawler  
  63  6:51  Extractor  
  63  6:52  Drone x3  
  63  6:53  Drone x3  
  67  6:54  Extractor  
  67  6:57  Spine Crawler  
  65  7:04  Drone x3  
  65  7:05  Drone x3  
  65  7:08  Drone  
  72  7:09  Drone x2  
  72  7:10  Drone  
  72  7:12  Drone  
  76  7:46  Drone x2, Overlord x3  
  78  7:56  Corruptor x7  
  92  7:59  Corruptor  
  94  8:07  Zerg Flyer Weapons Level 1  
  94  8:13  Corruptor x2  
  94  8:14  Corruptor x9  
  116  8:30  Zergling x12  
  122  8:50  Zergling x16  
  130  9:46  Overlord x4  
  130  9:47  Overlord x5  
  130  9:48  Hatchery  
  130  9:50  Extractor  
  130  9:52  Extractor  
  125  9:54  Extractor  
  125  9:56  Hatchery  
  120  10:25  Zerg Flyer Weapons Level 2  
  120  10:31  Drone x2, Evolution Chamber  
  120  10:32  Drone x2, Evolution Chamber  
  120  10:33  Drone x3  
  120  10:34  Drone  
  120  10:35  Drone  
  101  11:39  Drone x3  
  98  11:42  Drone  
  98  11:43  Drone x3  
  98  11:44  Drone x4  
  98  11:45  Drone x6  
  112  11:54  Zerg Melee Weapons Level 1, Zerg Ground Armor Level 1  
  108  12:00  Infestation Pit  
  107  12:07  Corruptor x11  
  107  12:08  Corruptor x6  
  135  12:12  Extractor  
  135  12:13  Hatchery  
  139  12:18  Spore Crawler  
  138  12:32  Queen  
  138  12:33  Queen  
  138  12:35  Corruptor  
  138  12:36  Corruptor x14  
  172  12:42  Zerg Flyer Armor Level 1  
  172  12:44  Hive  
  172  12:45  Corruptor x6  
  122  13:08  Hydralisk x9  
  131  13:31  Zergling x2  
  131  13:32  Zergling x18  
  137  13:38  Zergling x2  
  132  13:43  Drone x2  
  132  13:45  Drone x6  
  135  14:14  Extractor  
  135  14:15  Hatchery  
  135  14:16  Drone x3  
  136  14:17  Drone x3  
  137  14:40  Hatchery, Drone  
  137  14:41  Hatchery, Drone  
  137  14:43  Extractor  
  126  15:50  Drone x3  
  126  15:51  Drone x3  
  126  15:52  Drone  
  126  15:54  Drone x2  
  126  15:55  Drone x3  
  126  15:56  Drone  
  140  15:57  Drone x5  
  140  15:58  Drone x3  
  97  16:35  Corruptor x2  
  97  16:36  Corruptor x4  
Show
View Real Time Build Order
Export as new Build Order

Cthulhu Zerg 

Build Orders: 3 Hatch before Pool 

Get SALT Encoding   

  12  0:01  Drone  
  13  0:09  Drone  
  14  0:17  Extractor  
  14  0:18  Drone  
  15  0:41  Hatchery  
  14  0:47  Overlord  
  14  0:57  Extractor, Drone  
  14  1:07  Drone x2  
  16  1:15  Drone  
  17  1:31  Hatchery  
  16  1:34  Drone  
  17  1:42  Drone  
  17  1:43  Drone  
  19  2:01  Drone x2  
  21  2:09  Spawning Pool  
  21  2:13  Drone  
  21  2:14  Drone x2  
  23  2:17  Drone  
  24  2:24  Overlord  
  24  2:31  Extractor  
  23  2:40  Drone x2  
  23  2:41  Drone  
  26  2:51  Drone  
  26  2:52  Drone x2  
  29  3:06  Drone  
  29  3:07  Drone x3  
  29  3:09  Drone x2  
  35  3:13  Metabolic Boost  
  35  3:15  Lair  
  35  3:19  Queen  
  37  3:22  Drone  
  37  3:24  Drone  
  37  3:26  Drone  
  40  3:33  Extractor, Drone  
  40  3:34  Drone x2  
  42  3:53  Roach Warren  
  42  3:54  Drone  
  42  3:55  Overlord  
  42  4:05  Overlord  
  42  4:14  Drone  
  42  4:15  Drone x5  
  48  4:23  Overseer  
  48  4:32  Zergling x2  
  48  4:33  Zergling x14  
  56  4:39  Drone x2  
  56  4:40  Glial Reconstitution  
  58  4:50  Evolution Chamber  
  58  4:52  Evolution Chamber  
  54  5:29  Roach  
  54  5:30  Roach  
  54  5:31  Overlord x5  
  37  6:06  Zergling x2  
  37  6:07  Zergling x16  
  39  6:51  Zergling x2  
  39  6:52  Zergling x16  
  39  6:54  Queen x3  
  51  7:20  Drone x2  
  51  7:21  Drone x4  
  57  7:29  Queen  
  57  7:30  Burrow  
  57  7:56  Zergling x2  
  57  7:57  Zergling x16  
  61  8:05  Spore Crawler  
  61  8:06  Spore Crawler x2  
  61  8:08  Spore Crawler  
  57  8:15  Drone  
  57  8:16  Drone x2  
  50  8:48  Drone  
  41  8:49  Drone x8  
  41  8:55  Queen x3  
  55  9:29  Infestation Pit  
  54  9:39  Extractor  
  54  9:43  Zergling x2  
  54  9:44  Zergling x22  
  65  10:27  Drone  
  65  10:28  Drone x4, Overlord  
  70  10:29  Overlord x6  
  64  11:16  Hive  
  58  11:24  Queen x2, Extractor  
  61  11:25  Extractor  
  61  11:29  Drone x4  
  61  11:30  Drone x4  
  68  11:47  Hydralisk Den  
  67  11:48  Zerg Ground Armor Level 1, Zerg Missile Weapons Level 1  
  67  11:51  Tunneling Claws  
  69  12:19  Pneumatized Carapace  
  67  12:31  Grooved Spines  
  67  12:33  Hydralisk x8  
  67  12:34  Hydralisk x16  
  103  13:36  Hydralisk x5  
  103  13:37  Overlord  
  103  13:38  Overlord x8  
  113  13:43  Muscular Augments  
  113  14:15  Zergling x2  
  113  14:16  Zergling x32  
  113  14:17  Zergling x6  
  99  15:32  Hydralisk  
  99  15:33  Hydralisk x16  
  99  15:34  Hydralisk x4  
  131  15:41  Hydralisk x4  
  123  15:55  Zergling x2  
  123  15:56  Zergling x16  
  84  16:47  Hydralisk x11  
  82  16:48  Hydralisk x4  
Tags
 
Add a new tag
Caveats
  • Supply blocks, unpowered buildings, or Contaminate may cause inaccurate times.
  • Supply counts are checked every 10 seconds.